 Dungeon Crawl Stone Soup version 0.30.0-5-g1a98f26d00 (webtiles) character file.

Game seed: 9177891369706113378

1314 Kranky the Ruffian (level 8, -1/78 (80) HPs)
             Began as a Troll Fighter on May 12, 2023.
             Was a Follower of Wu Jian.
             Succumbed to a water moccasin's poison
             ... on level 6 of the Dungeon.
             The game lasted 00:09:55 (4713 turns).

Kranky the Ruffian (Troll Fighter)                  Turns: 4713, Time: 00:09:55

HP:   -1/78 (80)    AC:  4    Str: 25    XL:     8   Next: 32%
MP:   7/7           EV:  9    Int:  6    God:    Wu Jian [*.....]
Gold: 339           SH: 13    Dex:  9    Spells: 7/7 levels left

rFire   . .          .
                       - Unarmed
rCold   . . .        b - +0 kite shield
rNeg    . . .        a - +0 robe
rPois   .            (helmet restricted)
rElec   .            (no cloak)
rCorr   .            (gloves unavailable)
SInv    .            (boots unavailable)
Will    .....        n - amulet of reflection
Stlth   +            (no ring)
HPRegen 1.13/turn    (no ring)
MPRegen 0.10/turn

%: reflection
@: lethally poisoned (-1 -> -9), lightly drained
A: large, unfitting armour, claws 3, regeneration 1, shaggy fur 1, tough skin 1
a: Renounce Religion


You were on level 6 of the Dungeon.
You worshipped Wu Jian.
Wu Jian was aware of your devotion.
You visited 1 branch of the dungeon, and saw 6 of its levels.

You collected 339 gold pieces.

Inventory:

Missiles
 w - 2 throwing nets (quivered)
Armour
 a - a +0 robe (worn)
 b - a +0 kite shield (worn)
Jewellery
 n - an amulet of reflection (around neck)
 t - a ring of magical power
 A - a +4 ring of protection
Wands
 u - a wand of mindburst (14)
Scrolls
 d - 8 scrolls of identify {unknown}
 f - 3 scrolls of brand weapon {unknown}
 i - 7 scrolls of teleportation {unknown}
 o - a scroll of immolation {unknown}
 p - 2 scrolls of magic mapping {unknown}
 r - a scroll of enchant armour {unknown}
 s - a scroll of blinking {unknown}
 y - a scroll of fog {unknown}
 z - a scroll of amnesia {unknown}
Potions
 c - 3 potions of might
 e - 3 potions of curing {unknown}
 g - a potion of lignification {unknown}
 h - 3 potions of attraction {unknown}
 j - 4 potions of heal wounds {unknown}
 k - a potion of flight {unknown}
 l - 2 potions of brilliance {unknown}
 m - 2 potions of mutation {unknown}
 q - 2 potions of cancellation {unknown}
 v - a potion of degeneration {unknown}
 x - a potion of resistance {unknown}


   Skills:
 + Level 5.3 Fighting
 - Level 3.2 Dodging
 + Level 5.8 Shields
 + Level 5.9 Unarmed Combat


You had 7 spell levels left.
You didn't know any spells.
Your spell library contained the following spells:

 Spells                   Type           Power      Damage    Failure   Level
 Freeze                   Ice            0%         1d3       67%         1
 Sandblast                Erth           0%         2d4       67%         1
 Passwall                 Tmut/Erth      0%         N/A       82%         2
 Poisonous Vapours        Pois/Air       0%         N/A       82%         2
 Frozen Ramparts          Ice            0%         1d1       96%         3
 Hailstorm                Conj/Ice       0%         3d3       96%         3
 Mephitic Cloud           Conj/Pois/Air  0%         N/A       96%         3
 Stone Arrow              Conj/Erth      0%         3d7       96%         3
 Tukima's Dance           Hex            0%         N/A       96%         3
 Passage of Golubria      Tloc           0%         N/A       100%        4
 Freezing Cloud           Conj/Ice/Air   0%         6-21      100%        5
 Yara's Violent Unravell  Hex/Tmut       0%         3d3       100%        5


Dungeon Overview and Level Annotations

Branches:
Dungeon (6/15)             Temple (0/1) D:6

Altars:
Ashenzari
Dithmenos
Nemelex Xobeh
Ru
Vehumet
Wu Jian

Shops:
D:4 =


Innate Abilities, Weirdness & Mutations

You are too large for most types of armour.
You have claws for hands.
Your natural rate of healing is unusually fast.
You are covered in fur. (AC +1)
You have tough skin. (AC +1)


Message History

The water moccasin bites you. The iguana barely misses you.
You closely miss the iguana.
The iguana is moderately wounded.
The water moccasin bites you.
You are poisoned.
The water moccasin poisons you! You block the water moccasin's attack.
The iguana bites you.
You closely miss the iguana.
The iguana is moderately wounded.
You feel very sick. The water moccasin bites you.
You are more poisoned.
The water moccasin poisons you! You block the iguana's attack.
You scratch the iguana.
The iguana is heavily wounded.
You feel very sick. The water moccasin barely misses you.
The water moccasin bites you.
You are more poisoned.
The water moccasin poisons you! The iguana bites you!
You are too injured to fight recklessly!
You are too injured to fight recklessly!
You are too injured to fight recklessly!
You are too injured to fight recklessly!
* * * LOW HITPOINT WARNING * * *
You feel extremely sick. The iguana attacks as you move away!
You block the iguana's attack.
The water moccasin attacks as you move away!
You block the water moccasin's attack.
* * * LOW HITPOINT WARNING * * *
You feel very sick. The iguana attacks as you move away!
You block the iguana's attack.
The water moccasin attacks as you move away!
The water moccasin bites you.
* * * LOW HITPOINT WARNING * * *
x2 You feel very sick.
The water moccasin bites you.
* * * LOW HITPOINT WARNING * * *
The water moccasin attacks as you move away!
You block the water moccasin's attack.
Found a white potion.
You die...

........#............#
#.#.#
..#...#.#............#
#.#.#
.........○○..........#
#.#.# #######§☼☼°
........# #.#.# .~. ._.
.###### #.#.# .~. ☼°
#.#.# ##### # #.#.#
.....
!####.##############.#.#
.....
.......@................
...#.
#####.##.............###
#### #
#lS>..............
#..#..............
#..#.####...#####.
#..#........#.~~#.
#..######...#..~#. ...#
###.#P~~#. #...#
#.#####.


You could see a water moccasin.

Vanquished Creatures
  4 ice beasts
  A black bear (D:5)
  A phantom (D:5)
  5 scorpions
  5 hounds
  3 iguanas (D:5)
  An orc wizard (D:3)
  A sleepcap (D:6)
  3 gnolls (D:3)
  5 adders
  3 white imps (D:6)
  An ufetubus (D:5)
  A worm (D:3)
  A dart slug (D:4)
  9 orcs
  7 ball pythons
  3 endoplasms
  4 giant cockroaches
  7 goblins
  8 hobgoblins
  3 jackals (D:1)
  7 quokkas
  6 bats
  4 frilled lizards
  10 kobolds
  15 rats
118 creatures vanquished.

Notes
Turn   | Place    | Note
-------+----------+-------------------------------------------
     0 | D:1      | Kranky the Troll Fighter began the quest for the Orb.
     0 | D:1      | Reached XP level 1. HP: 22/22 MP: 0/0
   176 | D:1      | Reached XP level 2. HP: 29/29 MP: 1/1
   367 | D:1      | Reached XP level 3. HP: 36/36 MP: 2/2
   948 | D:2      | Identified the +5 short sword "Wubboib" {speed, rElec rN+
                  | rCorr}
  1555 | D:3      | Reached XP level 4. HP: 44/45 MP: 3/3
  1645 | D:3      | Noticed a scorpion
  1653 | D:3      | Killed a scorpion
  1654 | D:3      | Reached XP level 5. HP: 53/53 MP: 4/4
  2081 | D:4      | Found Xabechao's Jewellery Boutique.
  2469 | D:4      | Found an ornate altar of the Wu Jian Council.
  2565 | D:4      | Became a worshipper of the Wu Jian Council
  2906 | D:4      | Found a sacrificial altar of Ru.
  3221 | D:5      | Entered Level 5 of the Dungeon
  3273 | D:5      | Noticed a phantom
  3284 | D:5      | Killed a phantom
  3285 | D:5      | Reached XP level 6. HP: 59/61 MP: 5/5
  3569 | D:5      | Reached XP level 7. HP: 70/70 MP: 6/6
  3644 | D:5      | Identified the +4 scale mail of the Heavens {rC++ SInv}
  3751 | D:5      | Reached skill level 5 in Shields
  3764 | D:5      | Reached skill level 5 in Unarmed Combat
  3976 | D:6      | Found a staircase to the Ecumenical Temple.
  3983 | D:6      | Reached skill level 5 in Fighting
  3983 | D:6      | Reached XP level 8. HP: 66/80 MP: 7/7
  4048 | D:6      | Reached * piety under Wu Jian
  4203 | D:6      | Found a sparkling altar of Nemelex Xobeh.
  4346 | D:6      | Identified the +8 dagger of Indignation {venom, rF++}
  4368 | D:6      | Found a shadowy altar of Dithmenos.
  4370 | D:6      | Found a broken altar of Ashenzari.
  4505 | D:6      | Found a radiant altar of Vehumet.
  4712 | D:6      | HP: 2/78 [water moccasin (5)]
  4713 | D:6      | Succumbed to a water moccasin's poison

Illustrated notes

Levels and vault maps discovered:
D:1:      zelgadis_glass_arrival_small, layout_loops_ring,
          minmay_rat_gold_closets
D:2:      layout_basic, serial_glass, glass_columns_c, glass_columns_c,
          kennysheep_cluttered_room, hangedman_decor_clover_reticule,
          dk_vineyard_2
D:3:      layout_loops_ring
D:4:      layout_layer_cave, lemuel_coloured_pillars_altar,
          mainiacjoe_overflow_paths, serial_shops, nicolae_stop_n_shop_1
D:5:      layout_basic, minmay_misc_feat_roman, serial_park_tiny_1,
          roderic_roman_lattice, chequers_serial_rivers_large_b,
          minmay_fractal_squares_5
D:6:      layout_basic, mainiacjoe_overflow_catwalk_spiral, lemuel_round_altar,
          fiery_altar_vehumet, minmay_temple_entry_large_hall, serial_aquarium,
          aquarium_bridge_straight [aquarium_subvault_bridge,
          aquarium_subvault_wall, aquarium_subvault_bridge,
          aquarium_subvault_window], aquarium_window_3, aquarium_window_1,
          aquarium_window_1, aquarium_view_2b, aquarium_pool_1

Skill      XL: |  1  2  3  4  5  6  7 |
---------------+----------------------+-----
Shields        | 3 4 5 |  5.8
Fighting       | 3 4 5 |  5.3
Dodging        | 3 |  3.2
Unarmed Combat | 3 4 5 |  5.9

Action                     |  1- 3 |  4- 6 |  7- 9 || total
---------------------------+-------+-------+-------++-------
  Melee: Unarmed           |   158 |   131 |   135 ||   424
Ability: Lunge             |       |     1 |     9 ||    10
 Armour: Robe              |    43 |    24 |    17 ||    84
  Dodge: Dodged            |    52 |    23 |    41 ||   116
  Block: Kite shield       |    57 |    78 |    77 ||   212
         Reflection        |       |     2 |     1 ||     3
